 Dungeon Crawl Stone Soup version 0.29.1-13-g9f3cf754e1 (webtiles) character file.

Game seed: 13186568463196787456

129 Priul the Grave Robber (level 4, -7/24 HPs)
             Began as a Deep Elf Necromancer on Feb 8, 2023.
             Killed from afar by Natasha (8 damage)
             ... with a magic dart
             ... on level 2 of the Dungeon.
             The game lasted 00:18:41 (2506 turns).

Priul the Grave Robber (Deep Elf Necromancer)       Turns: 2506, Time: 00:18:42

Health: -7/24      AC:  2    Str:  5    XL:     4   Next: 88%
Magic:  1/13       EV: 12    Int: 22    God:
Gold:   61         SH:  0    Dex: 15    Spells: 5/13 levels left

rFire   . . .      SeeInvis .   (no weapon)
rCold   . . .      Faith    .   (no shield)
rNeg    . . .      Spirit   .   a - +0 robe
rPois   .          Reflect  .   (no helmet)
rElec   .          Harm     .   (no cloak)
rCorr   .          Rampage  .   (no gloves)
Will    .....                   (no boots)
Stlth   ++........              (no amulet)
HPRegen 0.08/turn               (no ring)
MPRegen 0.13/turn               (no ring)

@: no status effects
A: no striking features
a: no special abilities


You were on level 2 of the Dungeon.
You visited 1 branch of the dungeon, and saw 2 of its levels.

You collected 61 gold pieces.

Inventory:

Hand Weapons
 j - a +0 club
Armour
 a - a +0 robe (worn)
Jewellery
 h - an amulet of faith
Scrolls
 d - a scroll of teleportation
 e - a scroll of immolation {unknown}
 f - a scroll of noise {unknown}
 i - 2 scrolls of identify {unknown}
Potions
 b - 2 potions of magic
 c - a potion of attraction {unknown}
 g - 2 potions of invisibility {unknown}


   Skills:
 + Level 2.5 Dodging
 + Level 2.8 Stealth
 + Level 5.3 Spellcasting
 + Level 6.1 Necromancy


You had 5 spell levels left.
You knew the following spells:

 Your Spells              Type           Power      Damage    Failure   Level
a - Necrotise             Necr           100%       1d9       1%          1
b - Vampiric Draining     Necr           32%        2d8       2%          3
c - Animate Dead          Necr           32%        N/A       8%          4

Your spell library contained the following spells:

 Spells                   Type           Power      Damage    Failure   Level
 Agony                    Necr           32%        N/A       22%         5
 Dazzling Flash           Conj/Hex       10%        N/A       30%         3
 Silence                  Hex/Air        2%         N/A       95%         5


Dungeon Overview and Level Annotations

Branches:
Dungeon (2/15)

Altars:

Annotations:
D:2 Natasha, Sigmund


Message History

The iron imp hits your goblin zombie!
Your goblin zombie is destroyed!
Robin closely misses Natasha.
Natasha claws your hobgoblin zombie!
Your hobgoblin zombie is destroyed!
Natasha claws Robin!
Robin barely misses Natasha.
Natasha claws Robin!
Robin is destroyed!
Casting: Necrotise (safe; 1% risk of failure)
Confirm with . or Enter, or press ? or * to list all spells.
Aiming: Necrotise (safe; 1% risk of failure)
Press: ? - help, Shift-Dir - straight line, p - Natasha
Okay, then.
Casting: Necrotise (safe; 1% risk of failure)
Confirm with . or Enter, or press ? or * to list all spells.
Aiming: Necrotise (safe; 1% risk of failure)
Press: ? - help, Shift-Dir - straight line, f/p - Natasha
Aim: Natasha (heavily wounded, chance to affect: 83%) Natasha writhes in agony.
Natasha growls.
Natasha claws you!
Casting: Necrotise (safe; 1% risk of failure)
Confirm with . or Enter, or press ? or * to list all spells.
Aiming: Necrotise (safe; 1% risk of failure)
Press: ? - help, Shift-Dir - straight line, f/p - Natasha
Aim: Natasha (heavily wounded, chance to affect: 83%) Natasha writhes in agony.
The iron imp closely misses you. Natasha barely misses you.
Okay, then.
Natasha hisses.
Natasha closely misses you.
Natasha extends her claws.
Natasha attacks as you move away! Natasha claws you!
* * * LOW HITPOINT WARNING * * *
Natasha attacks as you move away! Natasha barely misses you.
Natasha casts a spell at you. The magic dart hits you.
* * * LOW HITPOINT WARNING * * *
Natasha casts a spell at you. The magic dart hits you!
You die...

###........# #g###
#..........# #g#### ..
#.......## #.##.##
....#.......#######.#...#
............[.....>......
<...###....########.#...#
..# #..#.# #.##.## .
#.###.##h# #..### ..
#.....@..# ##.# #'#
#####.#### #.# #.# #.#
#.# #.# #.# #.#
##.########)# #.#
##.......<.?.# #.#
#.....######## #.#
#####....# #.####
.........# #.....


You could see Natasha.

Vanquished Creatures
  Jessica (D:2)
  Natasha (D:2)
  Robin (D:2)
  An adder (D:2)
  4 endoplasms
  2 giant cockroaches (D:1)
  12 goblins
  6 hobgoblins
  2 jackals (D:2)
  A kobold (D:1)
  2 quokkas (D:1)
  4 bats (D:1)
  5 frilled lizards
  2 rats (D:1)
44 creatures vanquished.

Vanquished Creatures (collateral kills)
  A gnoll (D:2)
  2 goblins
3 creatures vanquished.

Vanquished Creatures (others)
  5 goblin zombies (D:2)
  3 hobgoblin zombies (D:2)
  A human zombie (D:2)
9 creatures vanquished.

Grand Total: 56 creatures vanquished

Notes
Turn   | Place    | Note
-------+----------+-------------------------------------------
     0 | D:1      | Priul the Deep Elf Necromancer began the quest for the Orb.
     0 | D:1      | Reached XP level 1. HP: 10/10 MP: 6/6
    44 | D:1      | Reached skill level 5 in Necromancy
   382 | D:1      | Reached XP level 2. HP: 15/15 MP: 5/8
  1271 | D:2      | Noticed Natasha
  1278 | D:2      | Killed Natasha
  1279 | D:2      | Reached XP level 3. HP: 19/19 MP: 3/10
  1283 | D:2      | Learned a level 3 spell: Vampiric Draining
  1502 | D:2      | Noticed Sigmund
  1744 | D:2      | Reached XP level 4. HP: 22/24 MP: 9/12
  1749 | D:2      | Learned a level 4 spell: Animate Dead
  2022 | D:2      | Noticed Robin
  2252 | D:2      | Noticed Jessica
  2258 | D:2      | Killed Jessica
  2259 | D:2      | Reached skill level 5 in Spellcasting
  2352 | D:2      | Your ally Jessica died
  2366 | D:2      | Reached skill level 6 in Necromancy
  2471 | D:2      | Killed Robin
  2483 | D:2      | Noticed Natasha
  2497 | D:2      | Your ally Robin died
  2505 | D:2      | HP: 1/24 [Natasha/magic dart (5)]
  2506 | D:2      | Killed from afar by Natasha

Illustrated notes

Levels and vault maps discovered:
D:1:      spicycebolla_arrival_risky_transporter, layout_loops_corners
D:2:      layout_loops_corners, cheibrodos_gnoll_hut, uniq_robin, uniq_sigmund,
          uniq_natasha, uniq_jessica

Skill      XL: |  1  2  3  4 |
---------------+-------------+-----
Necromancy     | 5 6 |  6.1
Spellcasting   | 4 5 |  5.3
Dodging        | |  2.5
Stealth        | |  2.8

Action                   |  1- 3 |  4- 6 || total
-------------------------+-------+-------++-------
Melee: Unarmed           |       |     2 ||     2
 Cast: Necrotise         |    55 |    30 ||    85
       Animate Dead      |       |     5 ||     5
       Vampiric Draining |       |     4 ||     4
  Use: Scroll            |       |     1 ||     1
Armor: Robe              |     2 |     2 ||     4
Dodge: Dodged            |     5 |    15 ||    20
